 Dungeon Crawl Stone Soup version 0.31-a0-20-g13bd767e95 (webtiles) character file.

Game seed: 7840598326473152968

7590 Bennjico the Fighter (level 10, -1/139 HPs)
             Began as a Minotaur Fighter on May 13, 2023.
             Slain by a troll (2 damage)
             ... on level 11 of the Dungeon.
             The game lasted 00:14:50 (8639 turns).

Bennjico the Fighter (Minotaur Fighter)             Turns: 8639, Time: 00:14:51

Health: -1/139     AC: 12    Str: 32    XL:     10   Next: 97%
Magic:  9/9        EV: 12    Int:  5    God:
Gold:   623        SH: 11    Dex:  9    Spells: 9/9 levels left

rFire   . . .        q - +3 broad axe
rCold   . . .        c - +0 buckler
rNeg    . . .        b - +0 scale mail
rPois   .            (helmet restricted)
rElec   .            (no cloak)
rCorr   .            (no gloves)
SInv    .            m - +0 pair of boots
Will    .....        B - amulet of reflection Stlth
                     C - +6 ring of strength
HPRegen 0.43/turn    (no ring)
MPRegen 0.11/turn

%: reflection
@: mighty, berserking (expiring), hasted, very quick
A: horns 2, retaliatory headbutt, iridescent scales 1
a: no special abilities


You were on level 11 of the Dungeon.
You visited 1 branch of the dungeon, and saw 11 of its levels.
You also visited: Ossuary.

You collected 623 gold pieces.

Inventory:

Hand Weapons
 q - a +3 broad axe (weapon)
Missiles
 l - 4 throwing nets (quivered)
Armour
 b - a +0 scale mail (worn)
 c - a +0 buckler (worn)
 m - a +0 pair of boots (worn)
Jewellery
 B - an amulet of reflection (around neck)
 C - a +6 ring of strength (left hand)
Wands
 k - a wand of flame (27)
 o - a wand of polymorph (8)
 p - a wand of mindburst (5)
 s - a wand of light (18)
 t - a wand of paralysis (8)
 u - a wand of roots (8)
Scrolls
 a - a scroll of immolation
 e - 2 scrolls of teleportation
 f - 5 scrolls of identify
 j - 4 scrolls of blinking
 r - 2 scrolls of magic mapping
 y - a scroll of fog
 z - 2 scrolls of fear
Potions
 d - a potion of might
 g - a potion of flight
 h - 3 potions of lignification
 i - 2 potions of berserk rage
 n - 5 potions of mutation
 v - 2 potions of heal wounds
 w - 4 potions of curing
 x - a potion of invisibility


   Skills:
 + Level 9.8 Fighting
 + Level 9.4 Axes
 + Level 9.8 Armour
 + Level 8.2 Dodging
 + Level 9.8 Shields


You had 9 spell levels left.
You didn't know any spells.
Your spell library contained the following spells:

 Spells                   Type           Power      Damage    Failure   Level
 Apportation              Tloc           0%         N/A       71%         1
 Necrotise                Necr           0%         1d4       71%         1
 Shock                    Conj/Air       0%         1d3       71%         1
 Summon Small Mammal      Summ           0%         N/A       71%         1
 Gell's Gravitas          Tloc           0%         N/A       97%         3
 Swiftness                Air            0%         N/A       97%         3
 Teleport Other           Tloc           0%         N/A       97%         3
 Airstrike                Air            0%         2d(0-16)  100%        4
 Dispersal                Tloc           0%         N/A       100%        6


Dungeon Overview and Level Annotations

Branches:
Dungeon (12/15)              Lair (0/5) D:11        Ossuary (visited)
 Temple: D:4-7          Orc: D:9-12

Altars:
Hepliaklqana
Xom


Innate Abilities, Weirdness & Mutations

You have a pair of horns on your head.
You reflexively headbutt those who attack you in melee.
You are partially covered in iridescent scales. (AC +2)


Message History

* * * LOW HITPOINT WARNING * * *
The troll barely misses you. The troll closely misses you.
You block the troll's attack.
You slice the boulder beetle!!
Your headbutt misses the boulder beetle.
The boulder beetle is almost dead.
You slice something!! You hit the water moccasin. You closely miss the troll.
Something hits you.
* * * LOW HITPOINT WARNING * * *
You block the water moccasin's attack. The boulder beetle bites you!
* * * LOW HITPOINT WARNING * * *
The troll bites you but does no damage. The troll barely misses you.
You block the troll's attack.
You slash the boulder beetle!
You kill the boulder beetle!
You closely miss the water moccasin. You barely miss the troll.
You miss something. Something hits you!
* * * LOW HITPOINT WARNING * * *
The water moccasin bites you but does no damage. x2
Unknown command.
You barely miss the troll.
The troll is lightly wounded.
You hit something. You closely miss the water moccasin.
Something hits you but does no damage. The troll bites you!
* * * LOW HITPOINT WARNING * * *
The troll claws you but does no damage. You block the troll's attack.
The water moccasin bites you but does no damage.
You are too berserk!
Unknown command.
You closely miss the troll. You headbutt the troll!
The troll is moderately wounded.
You closely miss the water moccasin. You block the troll's attack.
The troll misses you. The troll closely misses you.
You block the water moccasin's attack.
Unknown command.
You miss something. You slash the troll! You slash the water moccasin!
Something hits you but does no damage. The water moccasin bites you.
* * * LOW HITPOINT WARNING * * *
The troll bites you.
You die...

..............###.........##
#...........##.....>.#..#
#................#.....##
#......................#
.##................>.##..#
.................######..#
................## #..#
#......†.......## #...
###........@T..# .##
#PP...P..†S..P..#
#.P..P.......P....P
#..PPPP.P........P.
...PPP.........P(..


..PP..P.PP..P.PPP.P .P.PPP.PP.P.PPPP.. ....P..>.P..PP..P You could see a troll
and a water moccasin.

Vanquished Creatures
  A boulder beetle (D:11)
  Pikel (D:8)
  Maggie (D:9)
  A komodo dragon (D:11)
  Grinder (D:5)
  A vampire (D:9)
  7 yaks
  A wyvern (D:8)
  3 water moccasins
  2 ice beasts (D:6)
  2 orc warriors
  A black bear (D:11)
  A sky beast (D:8)
  2 ogres
  2 phantoms (D:6)
  5 bullfrogs
  2 kobold brigands
  A wyvern zombie (Ossuary)
  4 scorpions
  2 water moccasin zombies (Ossuary)
  14 wights (D:8)
  6 killer bees (D:8)
  A howler monkey (D:5)
  6 centaur zombies (Ossuary)
  2 gnoll boudas
  2 jellies
  3 bullfrog zombies (Ossuary)
  A hound (D:6)
  2 orc priests
  Jessica (D:3)
  4 iguanas
  2 sleepcaps (D:5)
  6 orc wizards
  2 killer bee zombies (Ossuary)
  14 mummies (Ossuary)
  A howler monkey zombie (Ossuary)
  9 gnolls
  8 adders
  A shadow imp (D:7)
  3 white imps (D:8)
  An ufetubus (D:4)
  A dart slug (D:5)
  3 worms
  16 orcs
  10 ball pythons
  3 bats
  9 endoplasms
  2 giant cockroaches
  6 goblins
  7 hobgoblins
  2 jackals (D:2)
  19 kobolds
  3 quokkas
  6 frilled lizards
  8 rats
225 creatures vanquished.

Notes
Turn   | Place    | Note
-------+----------+-------------------------------------------
     0 | D:1      | Bennjico the Minotaur Fighter began the quest for the Orb.
     0 | D:1      | Reached XP level 1. HP: 19/19 MP: 0/0
   223 | D:1      | Reached XP level 2. HP: 27/27 MP: 1/1
   689 | D:2      | Reached skill level 1 in Dodging
   704 | D:2      | Reached XP level 3. HP: 33/33 MP: 2/2
   992 | D:2      | Reached XP level 4. HP: 40/40 MP: 3/3
  1246 | D:2      | Found a faded altar of an unknown god.
  1347 | D:3      | Noticed Jessica
  1357 | D:3      | Killed Jessica
  1780 | D:3      | Reached XP level 5. HP: 47/47 MP: 4/4
  2080 | D:3      | Gained mutation: Your spells are a little easier to cast,
                  | but a little less powerful. [potion of mutation]
  2080 | D:3      | Lost mutation: Your spells are a little easier to cast, but
                  | a little less powerful. [potion of mutation]
  2080 | D:3      | Gained mutation: You are partially covered in iridescent
                  | scales. (AC +2) [potion of mutation]
  2546 | D:4      | Reached XP level 6. HP: 48/55 MP: 5/5
  2989 | D:4      | Identified the staff of death "Ofuts" {rN+ Int+8}
  3062 | D:5      | Entered Level 5 of the Dungeon
  3123 | D:5      | Reached skill level 5 in Fighting
  3130 | D:5      | Reached skill level 5 in Armour
  3130 | D:5      | Reached skill level 5 in Shields
  3166 | D:5      | Reached XP level 7. HP: 3/61 MP: 6/6
  3562 | D:5      | Noticed Grinder
  3566 | D:5      | Paralysed by Grinder for 5 turns
  3580 | D:5      | Killed Grinder
  3581 | D:5      | Reached skill level 5 in Axes
  3967 | D:5      | Reached XP level 8. HP: 55/70 MP: 7/7
  4544 | D:6      | Identified the +1 leather armour of Guyhurgh {-Cast Rampage
                  | rPois}
  4608 | D:6      | Found a shimmering altar of Xom.
  4609 | D:6      | Found a hazy altar of Hepliaklqana.
  4610 | D:6      | Noticed a spectral ugly thing
  4641 | D:6      | Reached skill level 5 in Dodging
  5337 | D:7      | Found a sand-covered staircase.
  5342 | Ossuary  | Entered an ossuary
  5400 | Ossuary  | Reached XP level 9. HP: 75/79 MP: 8/8
  7202 | D:8      | Reached XP level 10. HP: 90/90 MP: 9/9
  7770 | D:8      | Noticed Pikel
  7779 | D:8      | Killed Pikel
  8376 | D:9      | Noticed Maggie
  8387 | D:9      | Killed Maggie
  8564 | D:9      | You fall into a shaft and drop 3 floors!
  8609 | D:11     | Noticed a boulder beetle
  8621 | D:11     | Found a staircase to the Lair.
  8636 | D:11     | Killed a boulder beetle
  8637 | D:11     | HP: 2/139 [troll (8)]
  8639 | D:11     | Slain by a troll

Illustrated notes

Levels and vault maps discovered:
D:1:      scummos_arrival_simple_fountains, layout_loops_cross,
          minmay_gold_behind_fungi, chequers_avenue
D:2:      layout_rooms, shapermc_ecumenical_altar_mp_ritualfount,
          chequers_serial_rivers_micro_a, hex_medium
D:3:      layout_loops_ring, uniq_jessica
D:4:      minmay_door_path, layout_loops_ring
D:5:      minmay_general_purpose_star, layout_loops_cross, uniq_grinder
D:6:      layout_basic, regret_index_temple_of_mockery,
          minmay_temple_entry_from_below_a, minmay_crossroads
D:7:      layout_loops_ring, enter_ossuary_5
D:8:      layout_gridville, uniq_pikel
D:9:      layout_roguey [special_room_bee], minitemple, uniq_maggie
D:11:     layout_cave_pods, due_lair_maze_entry_diamond, zombieorc2_lemuel,
          serial_shops, shop, minivault_16, kennysheep_generic_room_16
D:12:     layout_loops_cross

Skill      XL: |  1  2  3  4  5  6  7  8  9 10 |
---------------+-------------------------------+-----
Dodging        | 1 2 3 4 5 6 8 |  8.2
Shields        | 4 5 6 7 8 9 |  9.8
Fighting       | 4 5 6 7 8 9 |  9.8
Axes           | 3 4 5 6 8 9 |  9.4
Armour         | 4 5 6 7 8 9 |  9.8

Action                     |  1- 3 |  4- 6 |  7- 9 | 10-12 || total
---------------------------+-------+-------+-------+-------++-------
  Melee: War axe           |    73 |   143 |   216 |       ||   432
         Headbutt          |     9 |    23 |    50 |    17 ||    99
         Broad axe         |       |       |    61 |   106 ||   167
    Use: Scroll            |       |    16 |    13 |       ||    29
         Potion            |       |     1 |     3 |     3 ||     7
   Stab: Paralysed         |       |     1 |       |       ||     1
 Armour: Scale mail        |    42 |    72 |   141 |    41 ||   296
  Dodge: Dodged            |    21 |    55 |   156 |    73 ||   305
  Block: Buckler           |    15 |    16 |    78 |    77 ||   186
         Reflection        |       |       |       |     2 ||     2

Table legend: (Time is in decaauts)
 A = Elapsed time spent in this place.
 B = Non-inter-level travel time spent in this place.
 C = Inter-level travel time spent in this place.
 D = Time resting spent in this place.
 E = Time spent auto-exploring this place.
 F = Levels seen in this place.
 G = Mean time per level.
                   A        B        C        D        E       F      G
               +--------+--------+--------+--------+--------+-----+--------+
         Total |   8828 |   8537 |    291 |     29 |   6851 |  12 |  735.7 |
       Dungeon |   8162 |   7871 |    291 |      0 |   6493 |  11 |  742.0 |
       Ossuary |    666 |    666 |      0 |     29 |    358 |   1 |  666.0 |
               +--------+--------+--------+--------+--------+-----+--------+

Top non-repeatable levels by time:
     D:8: 1481 daAuts
     D:5: 1236 daAuts
     D:7: 929 daAuts
     D:4: 887 daAuts
     D:3: 887 daAuts
     D:6: 877 daAuts
     D:2: 681 daAuts
     D:1: 673 daAuts
 Ossuary: 666 daAuts
     D:9: 438 daAuts
    D:11: 57 daAuts
    D:12: 10 daAuts
